Map: Newkirk Precinct TE (Void)

Players

PtitDrogo - Winner!

  • Race: Protoss Protoss
  • Spawn Location: 7:00

Creature

  • Race: Protoss Protoss
  • Spawn Location: 5:00

Event: WCS Austin 2017

VOD

Have the link to the VOD?

Description

Time

  • Played on: April 28, 2017, 1:55 p.m.
  • Length: 10:31

All games in this series

Show
View Real Time Build Order
Export as new Build Order

PtitDrogo Protoss - Winner!

Build Orders:  

Get SALT Encoding   

  12  0:00  Probe (Chrono Boost)  
  13  0:11  Probe (Chrono Boost)  
  14  0:18  Pylon  
  14  0:22  Probe (Chrono Boost)  
  15  0:36  Probe (Chrono Boost)  
  15  0:37  Gateway  
  15  0:42  Assimilator  
  16  0:47  Probe (Chrono Boost)  
  17  0:57  Probe (Chrono Boost)  
  17  0:58  Assimilator  
  18  1:08  Probe (Chrono Boost)  
  18  1:09  Gateway  
  19  1:24  Cybernetics Core  
  19  1:26  Probe (Chrono Boost)  
  19  1:30  Pylon  
  20  1:37  Probe (Chrono Boost)  
  21  1:47  Probe (Chrono Boost)  
  21  1:49  Warp Gate  
  22  1:59  Probe (Chrono Boost)  
  22  2:00  Stalker x2  
  27  2:14  Mothership Core (Chrono Boost)  
  29  2:17  Pylon  
  29  2:36  Stalker x2  
  34  2:38  Probe (Chrono Boost)  
  34  3:04  Nexus  
  34  3:09  Probe (Chrono Boost)  
  34  3:11  Sentry  
  37  3:22  Robotics Facility  
  37  3:32  Probe (Chrono Boost), Pylon  
  38  3:44  Probe (Chrono Boost)  
  39  3:52  Stalker, Sentry  
  39  3:54  Probe (Chrono Boost)  
  44  4:05  Probe (Chrono Boost)  
  45  4:10  Observer  
  45  4:15  Probe (Chrono Boost)  
  47  4:20  Stalker  
  47  4:21  Stalker  
  49  4:27  Probe (Chrono Boost)  
  49  4:29  Probe (Chrono Boost)  
  49  4:30  Immortal  
  56  4:39  Probe (Chrono Boost)  
  56  4:40  Pylon  
  57  4:46  Sentry  
  57  4:50  Stalker  
  61  4:53  Probe (Chrono Boost)  
  61  4:54  Probe (Chrono Boost)  
  62  5:04  Probe (Chrono Boost)  
  62  5:05  Probe (Chrono Boost)  
  64  5:10  Twilight Council  
  64  5:15  Probe (Chrono Boost)  
  64  5:17  Probe (Chrono Boost)  
  64  5:19  Stalker  
  66  5:25  Probe (Chrono Boost)  
  68  5:29  Probe (Chrono Boost)  
  68  5:31  Assimilator  
  68  5:32  Forge  
  68  5:35  Assimilator, Phoenix  
  68  5:36  Probe (Chrono Boost)  
  68  5:41  Probe (Chrono Boost)  
  70  5:50  Blink, Protoss Ground Weapons Level 1  
  70  5:56  Pylon  
  70  6:01  Pylon  
  70  6:10  Gateway x2  
  70  6:16  Probe x2 (Chrono Boost)  
  76  6:18  Immortal  
  76  6:28  Probe x2 (Chrono Boost)  
  80  6:40  Probe x2 (Chrono Boost)  
  80  6:43  Robotics Bay, Photon Cannon  
  80  6:57  Immortal, Nexus  
  80  6:59  Pylon  
  84  7:01  Pylon  
  84  7:19  Stalker x2  
  88  7:24  Probe x2 (Chrono Boost)  
  90  7:30  Stalker x2  
  90  7:31  Disruptor  
  90  7:32  Pylon  
  90  7:34  Protoss Ground Weapons Level 2  
  90  7:35  Pylon  
  90  7:36  Probe (Chrono Boost)  
  98  7:43  Probe (Chrono Boost), Pylon  
  99  7:47  Stalker  
  99  7:48  Probe (Chrono Boost)  
  102  7:55  Probe (Chrono Boost)  
  103  8:02  Probe (Chrono Boost)  
  104  8:06  Disruptor  
  104  8:12  Pylon  
  107  8:15  Probe (Chrono Boost)  
  107  8:16  Probe x2 (Chrono Boost)  
  107  8:18  Pylon  
  110  8:20  Stalker x2  
  110  8:24  Stalker  
  110  8:25  Stalker  
  120  8:27  Probe (Chrono Boost)  
  120  8:28  Probe (Chrono Boost)  
  120  8:37  Disruptor  
  120  8:43  Pylon  
  120  8:44  Assimilator x2  
  123  8:51  Stalker x4  
  131  8:57  Robotics Facility  
  131  9:08  Disruptor  
  134  9:19  Stalker x4  
  142  9:27  Probe (Chrono Boost)  
  142  9:28  Probe x2 (Chrono Boost)  
  145  9:39  Gateway  
  145  9:42  Stalker x3, Gateway  
  151  9:49  Disruptor  
  148  9:54  Disruptor  
  134  10:22  Stalker x4  
Show
View Real Time Build Order
Export as new Build Order

Creature Protoss 

Build Orders:  

Get SALT Encoding   

  12  0:01  Probe (Chrono Boost)  
  13  0:11  Probe (Chrono Boost)  
  14  0:18  Pylon  
  14  0:22  Probe (Chrono Boost)  
  15  0:37  Probe (Chrono Boost), Gateway  
  16  0:47  Probe (Chrono Boost)  
  16  0:48  Assimilator  
  17  0:52  Assimilator  
  17  0:58  Probe (Chrono Boost)  
  18  1:08  Probe (Chrono Boost)  
  18  1:09  Gateway  
  19  1:19  Probe (Chrono Boost)  
  19  1:25  Cybernetics Core  
  20  1:29  Probe (Chrono Boost)  
  21  1:34  Pylon  
  21  1:40  Probe (Chrono Boost)  
  22  1:48  Warp Gate  
  22  1:50  Probe (Chrono Boost)  
  23  2:05  Mothership Core (Chrono Boost)  
  23  2:06  Stalker  
  27  2:09  Stalker  
  29  2:19  Pylon  
  29  2:28  Probe (Chrono Boost)  
  30  2:37  Stalker  
  30  2:39  Stalker  
  34  2:45  Pylon  
  34  3:04  Gateway  
  34  3:09  Stalker x2  
  38  3:36  Nexus  
  38  3:51  Probe (Chrono Boost)  
  39  3:56  Stalker x2  
  43  4:03  Stalker  
  46  4:10  Probe (Chrono Boost)  
  46  4:22  Probe (Chrono Boost)  
  47  4:34  Pylon  
  47  4:38  Robotics Facility  
  47  4:48  Probe (Chrono Boost)  
  47  4:50  Adept x2  
  52  4:53  Sentry  
  52  4:58  Probe x2 (Chrono Boost)  
  56  5:08  Probe (Chrono Boost)  
  56  5:09  Probe (Chrono Boost)  
  56  5:12  Twilight Council  
  58  5:19  Probe (Chrono Boost)  
  58  5:20  Probe (Chrono Boost)  
  56  5:23  Observer  
  56  5:24  Sentry  
  59  5:29  Probe (Chrono Boost)  
  59  5:32  Probe (Chrono Boost)  
  61  5:35  Sentry  
  61  5:40  Assimilator, Probe (Chrono Boost)  
  61  5:41  Immortal  
  60  5:44  Probe (Chrono Boost)  
  60  5:49  Blink  
  65  5:50  Probe (Chrono Boost)  
  65  5:56  Probe (Chrono Boost), Pylon  
  67  6:01  Probe (Chrono Boost)  
  67  6:03  Assimilator  
  68  6:09  Probe (Chrono Boost)  
  69  6:13  Probe (Chrono Boost)  
  70  6:18  Adept  
  70  6:19  Adept  
  70  6:21  Probe (Chrono Boost)  
  70  6:24  Forge  
  75  6:33  Pylon  
  75  6:35  Probe (Chrono Boost)  
  75  6:39  Probe (Chrono Boost)  
  77  6:43  Gateway x2  
  77  6:45  Gateway  
  77  6:52  Immortal, Robotics Bay  
  77  7:01  Protoss Ground Weapons Level 1  
  81  7:06  Probe (Chrono Boost)  
  82  7:08  Pylon  
  82  7:14  Probe (Chrono Boost), Pylon  
  83  7:18  Gateway  
  84  7:24  Probe (Chrono Boost)  
  84  7:29  Probe (Chrono Boost)  
  85  7:37  Disruptor  
  85  7:40  Nexus  
  85  7:43  Pylon  
  89  7:45  Probe (Chrono Boost)  
  89  7:48  Pylon, Probe (Chrono Boost), Sentry  
  92  7:58  Probe (Chrono Boost), Photon Cannon  
  93  8:00  Photon Cannon  
  93  8:04  Probe (Chrono Boost)  
  94  8:06  Stalker  
  94  8:09  Disruptor  
  95  8:13  Probe (Chrono Boost)  
  95  8:18  Pylon  
  99  8:20  Probe (Chrono Boost)  
  99  8:31  Probe (Chrono Boost)  
  99  8:32  Stalker x2  
  104  8:40  Probe (Chrono Boost)  
  105  8:43  Disruptor  
  105  8:45  Probe (Chrono Boost)  
  105  8:46  Robotics Facility  
  109  8:54  Probe (Chrono Boost), Adept  
  112  8:57  Stalker  
  112  9:01  Pylon  
  112  9:08  Stalker x3  
  112  9:09  Probe (Chrono Boost)  
  119  9:14  Disruptor  
  111  9:27  Probe (Chrono Boost)  
  111  9:30  Assimilator  
  112  9:32  Assimilator  
  112  9:34  Stalker x4  
  112  9:38  Disruptor  
  120  9:45  Disruptor  
  121  9:57  Stalker x4  
  129  10:01  Stalker x2  
  124  10:19  Probe (Chrono Boost)  
  95  10:28  Stalker x2  
Tags
 
Add a new tag
Caveats
  • Supply blocks, unpowered buildings, or Contaminate may cause inaccurate times.
  • Supply counts are checked every 10 seconds.